 Dungeon Crawl Stone Soup version 0.25-a0-589-g1e14c549ee (webtiles) character file.

Game seed: 7030053043543440524, levelgen mode: deterministic

294 An17 the Ruffian (level 6, 0/47 HPs)
             Began as a Draconian Transmuter on Mar 9, 2020.
             Killed from afar by an orc wizard (8 damage)
             ... with a magic dart
             ... on level 4 of the Dungeon.
             The game lasted 00:08:18 (2316 turns).

An17 the Ruffian (Draconian Transmuter)             Turns: 2316, Time: 00:08:19

Health: 0/47       AC:  6    Str: 13    XL:     6   Next: 11%
Magic:  8/10       EV: 13    Int: 15    God:
Gold:   168        SH:  0    Dex: 11    Spells: 4/10 levels left

rFire    . . .     SeeInvis .     - Unarmed
rCold    . . .     Gourm    .   (no shield)
rNeg     . . .     Faith    .   (armour unavailable)
rPois    .         Spirit   .   (helmet restricted)
rElec    .         Reflect  .   (no cloak)
rCorr    .         Harm     .   (no gloves)
MR       .....                  (no boots)
Stlth    +.........             f - amulet of rage
HPRegen  0.15/turn              (no ring)
MPRegen  0.12/turn              (no ring)

@: appendage
A: unfitting armour, horns 2, cold-blooded, AC +6
a: End Transformation, Evoke Berserk Rage


You were on level 4 of the Dungeon.
You were not hungry.
You had grown temporary horns.
You visited 1 branch of the dungeon, and saw 4 of its levels.

You collected 168 gold pieces.

Inventory:

Missiles
 a - 33 arrows
Jewellery
 f - an amulet of rage (around neck)
Wands
 j - a wand of flame (20)
Scrolls
 b - 3 scrolls of remove curse
 e - a scroll of amnesia
 i - a scroll of magic mapping
Potions
 d - a potion of magic {unknown}
 g - 2 potions of haste
 h - a potion of curing {unknown}
 k - a potion of brilliance {unknown}
Comestibles
 c - 4 rations


   Skills:
 + Level 1.6 Fighting
 + Level 2.8 Dodging
 + Level 5.2 Unarmed Combat
 + Level 2.8 Spellcasting
 + Level 3.0 Transmutations
 + Level 0.4 Poison Magic


You had 4 spell levels left.
You knew the following spells:

 Your Spells              Type           Power        Failure   Level  Hunger
a - Beastly Appendage     Tmut           ##....       6%          1    #......
b - Sticks to Snakes      Tmut           ##......     9%          2    ##.....
c - Spider Form           Tmut/Pois      #.........   30%         3    ###....

Your spell library contained the following spells:

 Spells                   Type           Power        Failure   Level  Hunger
 Ice Form                 Ice/Tmut       #.......     71%         4    #####..
 Blade Hands              Tmut           ##........   85%         5    ######.


Dungeon Overview and Level Annotations

Branches:
Dungeon (4/15)
 Temple: D:4-7

Altars:
Hepliaklqana
The Shining One


Innate Abilities, Weirdness & Mutations

Your plain brown scales are hard. (AC +6)
You cannot fit into any form of body armour.
You are cold-blooded and may be slowed by cold attacks.
You have a pair of horns on your head.


Message History

You hit the orc priest but do no damage.
The orc priest is severely wounded.
The orc priest calls down the wrath of Beogh upon you.
You barely resist.
Casting: Beastly Appendage (safe; 6% risk of failure)
Confirm with . or Enter, or press ? or * to list all spells.
You grow a pair of large bovine horns.
The orc priest barely misses you.
You barely miss the orc priest.
Your tail-slap misses the orc priest.
The orc priest is severely wounded.
The orc priest hits you.
* * * LOW HITPOINT WARNING * * *
You hit the orc priest.
You kill the orc priest!
You have reached level 6!
Your experience leads to an increase in your attributes!
Increase (S)trength, (I)ntelligence, or (D)exterity?
You feel stronger.
Your scales feel tougher.
The orc wizard gestures at you while chanting.
The magic dart hits you!
You die...

........>########)#.#####
#######..# #.#.# #..# #<#
# #..# #.# #..# #.# #..#
#.# #.g# #)# # #...
#####.#.### ##..
#.o@......#
.....o#######.... ..###
#.


You could see 2 orc wizards.

Vanquished Creatures
  A bullfrog (D:3)
  An orc priest (D:4)
  An orc wizard (D:4)
  Robin (D:3)
  3 gnolls (D:4)
  2 adders
  2 worms (D:2)
  6 dart slugs
  3 leopard geckos
  6 orcs
  A ball python (D:3)
  5 giant cockroaches
  14 goblins
  4 hobgoblins
  2 jackals (D:4)
  7 kobolds
  2 quokkas
  9 bats
  3 frilled lizards
  10 rats
83 creatures vanquished.

Vanquished Creatures (others)
  A kobold (D:1)
1 creature vanquished.

Grand Total: 84 creatures vanquished

Notes
Turn   | Place    | Note
-------+----------+-------------------------------------------
     0 | D:1      | An17 the Draconian Transmuter began the quest for the Orb.
     0 | D:1      | Reached XP level 1. HP: 16/16 MP: 3/3
   189 | D:1      | Reached XP level 2. HP: 13/23 MP: 5/5
   214 | D:1      | Learned a level 2 spell: Sticks to Snakes
   388 | D:1      | Reached XP level 3. HP: 13/28 MP: 6/6
   393 | D:1      | Learned a level 3 spell: Spider Form
   828 | D:2      | Reached skill level 4 in Unarmed Combat
  1082 | D:2      | Found a hazy altar of Hepliaklqana.
  1172 | D:2      | Found a glowing golden altar of the Shining One.
  1462 | D:2      | Reached XP level 4. HP: 17/35 MP: 7/7
  1674 | D:3      | Noticed a bullfrog
  1688 | D:3      | Killed a bullfrog
  1688 | D:3      | Reached XP level 5. HP: 23/40 MP: 1/8
  1890 | D:3      | Noticed Robin
  1916 | D:3      | Killed Robin
  2222 | D:4      | Reached skill level 5 in Unarmed Combat
  2316 | D:4      | Reached XP level 6. HP: 8/47 MP: 8/10
  2316 | D:4      | Killed from afar by an orc wizard

Levels and vault maps discovered:
D:1:      dpeg_arrival_three_same_balls, layout_basic, minmay_small_reverse_x
D:2:      layout_basic, old_standard_altar, tso_altar, first_ration
D:3:      layout_basic, uniq_robin
D:4:      layout_loops_ring, temple_fountains

Skill      XL: |  1  2  3  4  5 |
---------------+----------------+-----
Dodging        | 2 |  2.8
Unarmed Combat | 4 5 |  5.2
Transmutations | 3 |  3.0
Fighting       | |  1.6
Spellcasting   | |  2.8
Poison Magic   | |  0.4

Action                   |  1- 3 |  4- 6 || total
-------------------------+-------+-------++-------
Melee: Unarmed           |   145 |   143 ||   288
       Headbutt          |     6 |     1 ||     7
       Tailslap          |    12 |     8 ||    20
       Kick              |     2 |     4 ||     6
       Punch             |     1 |       ||     1
 Cast: Beastly Appendage |    13 |     7 ||    20
       Spider Form       |     1 |     4 ||     5
  Use: Scroll            |     5 |     3 ||     8
       Potion            |     1 |       ||     1
 Stab: Sleeping          |     1 |       ||     1
  Eat: Ration            |     1 |     1 ||     2
Armor: Skin              |    35 |    34 ||    69
Dodge: Dodged            |    95 |   114 ||   209

Table legend:
 A = Non-vault XP
 B = Vault XP
 C = Vault XP percentage of total XP
 D = Non-vault monster count
 E = Vault monster count
 F = Vault count percentage of total count
                 A         B        C        D         E       F
            +---------+---------+-------+---------+---------+-------
      Total |     378 |      42 |  10.0 |      68 |      15 |  18.1
            +---------+---------+-------+---------+---------+-------
        D:1 |      42 |       7 |  14.3 |      21 |       4 |  16.0
        D:2 |      49 |       0 |   0.0 |      17 |       0 |   0.0
        D:3 |     128 |      35 |  21.5 |      17 |      11 |  39.3
        D:4 |     159 |       0 |   0.0 |      13 |       0 |   0.0
            +---------+---------+-------+---------+---------+-------
